 Dungeon Crawl Stone Soup version 0.30.1-6-gbe392663c4 (webtiles) character file.

Game seed: 1885981241900449602

131 lonewolfV2 the Trooper (level 4, -4/55 HPs)
             Began as a Demonspawn Berserker on Sept 21, 2023.
             Was a Believer of Trog.
             Slain by Natasha (5 damage)
             ... on level 2 of the Dungeon.
             The game lasted 00:03:14 (1319 turns).

lonewolfV2 the Trooper (Demonspawn Berserker)       Turns: 1319, Time: 00:03:15

Health: -4/55      AC:  5    Str: 20    XL:     4   Next: 91%
Magic:  4/4        EV: 12    Int:  8    God:    Trog [**....]
Gold:   125        SH:  4    Dex: 12    Spells: 3/3 levels left

rFire   + . .        a - +1 hand axe
rCold   . . .        (no shield)
rNeg    . . .        b - +0 animal skin
rPois   .            (no helmet)
rElec   .            j - +2 cloak
rCorr   .            (no gloves)
SInv    .            (no boots)
Will    ++...        (no amulet) Stlth
                     c - ring of protection from fire
HPRegen 1.29/turn    (no ring)
MPRegen 0.09/turn

%: no passive effects
@: berserking, strong-willed, regenerating, very quick
A: condensation shield
a: Renounce Religion, Berserk, Trog's Hand


You were on level 2 of the Dungeon.
You worshipped Trog.
Trog was pleased with you.
You visited 1 branch of the dungeon, and saw 2 of its levels.

You collected 125 gold pieces.

Inventory:

Hand Weapons
 a - a +1 hand axe (weapon)
Armour
 b - a +0 animal skin (worn)
 j - a +2 cloak (worn)
Jewellery
 c - a ring of protection from fire (left hand)
Scrolls
 d - a scroll of blinking
 g - a scroll of fog {unknown}
Potions
 e - a potion of cancellation
 f - a potion of curing
 h - 2 potions of might {unknown}
 i - a potion of attraction {unknown}
 k - a potion of invisibility {unknown}
 n - a potion of resistance {unknown}


   Skills:
 + Level 3.7 Fighting
 + Level 3.7 Axes
 + Level 2.0 Armour
 + Level 2.7 Dodging
 + Level 0.3 Stealth
 + Level 0.8 Shields


You had 3 spell levels left.
You didn't know any spells.
Your spell library was empty.

Dungeon Overview and Level Annotations

Branches:
Dungeon (2/15)

Altars:

Annotations:
D:2 1 runed translucent door, Crazy Yiuf, Natasha


Innate Abilities, Weirdness & Mutations

A meltable shield of frost defends you. (SH +4)


Message History

You feel strong-willed. Natasha claws you but does no damage.
The cerulean imp hits you with a +0 spear.
* * * LOW HITPOINT WARNING * * *
The cerulean imp misses you.
A red film seems to cover your vision as you go berserk!
You feel yourself moving faster!
You feel mighty! Natasha claws you.
* * * LOW HITPOINT WARNING * * *
You block the cerulean imp's attack.
The cerulean imp hits you but does no damage.
You hit Natasha.
Natasha is almost dead.
You slash the cerulean imp! You miss the cerulean imp.
Natasha closely misses you.
The cerulean imp hits you with a +0 spear.
* * * LOW HITPOINT WARNING * * *
You closely miss Natasha.
Natasha is almost dead.
You barely miss the cerulean imp. x2; The cerulean imp barely misses you.
Natasha casts a spell at you. The magic dart hits you.
* * * LOW HITPOINT WARNING * * *
The cerulean imp barely misses you.
You barely miss Natasha. Your punch misses Natasha.
Natasha is almost dead.
You closely miss the cerulean imp. You hit the cerulean imp.
The cerulean imp barely misses you.
You barely miss Natasha.
Natasha is almost dead.
You slash the cerulean imp!
You kill the cerulean imp!
The cerulean imp disappears in a puff of smoke!
You closely miss the cerulean imp.
Natasha drinks a potion.
Natasha is healed!
You closely miss Natasha.
Natasha is moderately wounded.
You closely miss the cerulean imp.
The cerulean imp hits you with a +2 spear!
* * * LOW HITPOINT WARNING * * *
Natasha claws you.
You die...

#.....#.†..#..#..#.#.
#.....#....##...####,
#.[...#...#.#...# *,,
#######.....#...#.#.#.###**
#...........#...#.#.#.#.#*,
#.##.##...†.(...#...#...#*,
#.#...#.##.##.'###..#..###*
###.......#..5#...###....#.#,
#...#.......@.....###..##.##*
#.#.##.#..#h.§#...##...#.#.#,
#.......##.§.##..###.##.##.#*
#..##...##......)##..#:###.#
#..#...#..#.##...####.## #.#
#............#.<.# #.## #.#
#..#...#.......†.#########.##
#..##.##.#...#)..............
#........##.##.'#####........


You could see Natasha and a cerulean imp (summoned).

Vanquished Creatures
  Natasha (twice) (D:2)
  4 adders (D:2)
  A worm (D:2)
  A dart slug (D:2)
  3 ball pythons
  4 bats
  4 endoplasms
  3 giant cockroaches
  4 goblins
  3 hobgoblins (D:1)
  2 quokkas (D:1)
  A frilled lizard (D:1)
  3 kobolds (D:1)
  5 rats
40 creatures vanquished.

Notes
Turn   | Place    | Note
-------+----------+-------------------------------------------
     0 | D:1      | lonewolfV2 the Demonspawn Berserker began the quest for the
                  | Orb.
     0 | D:1      | Reached XP level 1. HP: 18/18 MP: 1/1
   244 | D:1      | Gained mutation: A meltable shield of frost defends you.
                  | (SH +4) [demonic ancestry]
   244 | D:1      | Reached XP level 2. HP: 22/24 MP: 2/2
   857 | D:2      | Reached XP level 3. HP: 29/29 MP: 3/3
   924 | D:2      | Reached ** piety under Trog
  1011 | D:2      | Reached XP level 4. HP: 25/35 MP: 4/4
  1087 | D:2      | Noticed Natasha
  1095 | D:2      | Killed Natasha
  1246 | D:2      | Found a runed translucent door.
  1247 | D:2      | Noticed Crazy Yiuf
  1290 | D:2      | Noticed Natasha
  1302 | D:2      | Killed Natasha
  1306 | D:2      | Noticed Natasha
  1319 | D:2      | HP: 1/55 [cerulean imp/+2 spear[Natasha] (7)]
  1319 | D:2      | Slain by Natasha

Illustrated notes

Levels and vault maps discovered:
D:1:      dpeg_arrival_solitude, layout_rooms, amcnicky_mini_corridor_feature,
          minmay_heptomino_h4
D:2:      wad_crossroads, layout_basic, serial_shops, shop,
          hangedman_decor_clover_reticule, uniq_crazy_yiuf_cottage, uniq_natasha

Skill      XL: |  1  2 |
---------------+-------+-----
Armour         | 2 |  2.0
Dodging        | 2 |  2.7
Axes           | 3 |  3.7
Fighting       | |  3.7
Stealth        | |  0.3
Shields        | |  0.8

Action                     |  1- 3 |  4- 6 || total
---------------------------+-------+-------++-------
  Melee: Hand axe          |   111 |    40 ||   151
         Punch             |     2 |       ||     2
 Invoke: Berserk           |       |     1 ||     1
         Trog's Hand       |       |     1 ||     1
    Use: Scroll            |     7 |       ||     7
   Stab: Sleeping          |     1 |       ||     1
 Armour: Animal skin       |    53 |    13 ||    66
  Dodge: Dodged            |    93 |    26 ||   119
  Block: Other             |    15 |     8 ||    23
